AoeStats
← Leo

Black Forest

509872917Analyzed
2v2 RM · 3d ago on Sep 28, 2026· 40m 0s· 4 players
Game mode
Random Map
Map size
Medium (4 player)
Population
200
Speed
Normal
Resources
Standard
Victory
Conquest
Starting age
Dark Age
Ending age
Imperial Age
RankedLock teamsTeams togetherTeam positionsShared explorationLock speedFull tech treeHidden civsTurbo modeCheats
Victory
Defeat
🇲🇳 Japanese · Mongolia
1239
+14
🇲🇳 Mongols · Mongolia
1105
+20
🇪🇸 Britons · Spain
1246
-19
🇩🇪 Malay · Germany
1139
-15
MagnificentBaby
2:20 Loom
13:54 Feudal Age
13:06 Man-at-Arms
14:17 Arson
15:29 Forging
25:55 Castle Age
25:14 Long Swordsman
25:58 Squires
Enlightened
4:15 Loom
11:35 Feudal Age
16:09 Castle Age
13:57 Double-Bit Axe
13:52 Horse Collar
16:15 Wheelbarrow
17:09 Heavy Plow
17:34 Bow Saw
24:07 Gold Mining
25:37 Fletching
25:47 Padded Archer Armor
26:27 Hand Cart
Leo
0:25 Loom
12:35 Feudal Age
16:16 Fletching
17:18 Double-Bit Axe
23:09 Castle Age
25:07 Man-at-Arms
27:38 Light Cavalry
37:05 Bloodlines
36:55 Husbandry
Ubarino
11:09 Feudal Age
12:27 Double-Bit Axe
15:39 Castle Age
14:28 Horse Collar
16:34 Bow Saw
17:01 Squires
16:48 Arson
17:20 Gold Mining
21:01 Heavy Plow
21:54 Forging
23:32 Scale Mail Armor
26:32 Iron Casting
29:42 Chain Mail Armor
37:20 Wheelbarrow
39:58 Imperial Age
Connection lost

Rejoining the realm…

Still unreachable

The connection could not be restored.

Session expired

The server has moved on; the page needs a fresh start.